 Dungeon Crawl Stone Soup version 0.27.1-2-g3b301248ec (webtiles) character file.

Game seed: 1027943144956442413

51 nxtlvl the Cudgeller (level 4, -1/32 HPs)
             Began as a Formicid Artificer on Sept 26, 2021.
             Slain by Terence (4 damage)
             ... on level 3 of the Dungeon.
             The game lasted 00:13:40 (908 turns).

nxtlvl the Cudgeller (Formicid Artificer)            Turns: 908, Time: 00:13:40

Health: -1/32      AC:  6    Str: 17    XL:     4   Next: 5%
Magic:  4/4        EV:  9    Int: 10    God:
Gold:   98         SH:  0    Dex: 12    Spells: 3/3 levels left

rFire    . . .     SeeInvis +   a - +0 club
rCold    . . .     Faith    .   (no shield)
rNeg     . . .     Spirit   .   c - +0 scale mail
rPois    .         Reflect  .   (helmet unavailable)
rElec    .         Harm     .   (no cloak)
rCorr    .         Rampage  .   (no gloves)
Will     .....                  (no boots)
Stlth    ..........             (no amulet)
HPRegen  0.10/turn              (no ring)
MPRegen  0.09/turn              (no ring)

@: no status effects
A: permanent stasis, dig shafts and tunnels, antennae 3, four strong arms
a: Dig, Shaft Self


You were on level 3 of the Dungeon.
You visited 1 branch of the dungeon, and saw 3 of its levels.

You collected 137 gold pieces.
You spent 39 gold pieces at shops.

Inventory:

Hand Weapons
 a - a +0 club (weapon)
 b - a +0 hunting sling
Missiles
 j - a throwing net
 m - 25 bolts
Armour
 c - a +0 scale mail (worn)
Wands
 d - a wand of charming (14)
Scrolls
 f - a scroll of acquirement {unknown}
 i - a scroll of immolation {unknown}
 l - a scroll of fog {unknown}
Potions
 g - a potion of attraction
Miscellaneous
 e - a piece from Xom's chessboard (inert)


   Skills:
 - Level 1.1 Fighting
 + Level 3.3 Maces & Flails
 - Level 2.1 Armour
 - Level 0.8 Dodging
 - Level 1.2 Stealth
 - Level 3.2 Evocations


You had 3 spell levels left.
You didn't know any spells.
Your spell library was empty.

Dungeon Overview and Level Annotations

Branches:
Dungeon (3/15)

Altars:

Shops:
D:2 ?[

Annotations:
D:3 Terence


Innate Abilities, Weirdness & Mutations

You cannot be hasted, slowed, berserked, paralysed or teleported.
You can dig through walls and to a lower floor.
You have a pair of large antennae on your head. (SInv)
Your four strong arms can wield two-handed weapons with a shield.


Message History

Okay, then.
Okay, then.
You hit Terence but do no damage.
Terence is almost dead.
Terence hits you with a +0 short sword of electrocution.
You are electrocuted!
* * * LOW HITPOINT WARNING * * *
The orc hits your worm with a +0 short sword.
Your worm bites the orc.
The orc barely misses your worm. x2
Terence hits you but does no damage.
It was a potion of attraction.
You feel attractive to monsters. The orc hits your worm with a +0 club.
An orc comes into view. It is wielding a +0 whip.
Your worm closely misses the orc.
Terence hits you with a +0 short sword of electrocution.
* * * LOW HITPOINT WARNING * * *
The orc hits your worm with a +0 short sword.
The orc is pulled toward you! x3
It was a potion of cancellation.
Your magical effects are unravelling.
You feel magically purged. The orc hits your worm with a +0 whip.
An orc priest comes into view. It is wielding a +0 mace.
Terence hits you but does no damage.
You feel less attractive to monsters.
Your worm bites the orc.
The orc barely misses your worm. Something barely misses your worm.
You hit Terence but do no damage.
Terence is almost dead.
The orc hits your worm with a +0 club. The orc hits your worm with a +0 whip.
Your worm dies!
Terence barely misses you.
The orc shouts!
You hit Terence but do no damage.
Terence is almost dead.
The orc priest calls upon Beogh to heal the orc.
The orc's wounds heal themselves!
Terence hits you but does no damage.
You hit Terence but do no damage.
Terence is almost dead.
Terence hits you with a +0 short sword of electrocution.
You die...

.. [..# ...# {
..# # .{# .# #.##
.# ########o.##
.#
#@@Sgoogo..#..###
#######.<..g.....
#....#.... #....#
.. ......g..
####....#...
#....#...g.
###### .... ...


You could see Terence, an orc priest, an adder, 3 orcs, a hobgoblin and a
goblin.

Vanquished Creatures
  An adder (D:2)
  A dart slug (D:2)
  8 ball pythons
  4 endoplasms
  A giant cockroach (D:1)
  2 jackals (D:2)
  7 bats
  2 frilled lizards (D:1)
  6 goblins
  4 kobolds
  2 rats (D:1)
38 creatures vanquished.

Vanquished Creatures (others)
  A worm (D:3)
1 creature vanquished.

Grand Total: 39 creatures vanquished

Notes
Turn   | Place    | Note
-------+----------+-------------------------------------------
     0 | D:1      | nxtlvl the Formicid Artificer began the quest for the Orb.
     0 | D:1      | Reached XP level 1. HP: 15/15 MP: 1/1
   120 | D:1      | Reached skill level 1 in Maces & Flails
   152 | D:1      | Reached XP level 2. HP: 16/21 MP: 2/2
   400 | D:2      | Reached XP level 3. HP: 7/26 MP: 3/3
   469 | D:2      | Found Qawy's Antique Armour Boutique.
   648 | D:2      | Found Zaicipiwn's Magic Scroll Emporium.
   674 | D:2      | Bought a scroll of identify for 26 gold pieces
   674 | D:2      | Bought a scroll of noise for 13 gold pieces
   817 | D:1      | Reached XP level 4. HP: 12/32 MP: 4/4
   886 | D:3      | Noticed Terence
   908 | D:3      | Slain by Terence

Illustrated notes

Levels and vault maps discovered:
D:1:      sevenhm_arrival_forest_fort_small_3, layout_basic
D:2:      layout_basic, serial_shops, shop_coins, shop, minmay_tetromino_t4
D:3:      layout_rooms, gup_sewer_entry_bowl, uniq_robin, uniq_terence

Skill      XL: |  1  2  3 |
---------------+----------+-----
Maces & Flails | 1 2 3 |  3.3
Fighting       | |  1.1
Armour         | |  2.1
Dodging        | |  0.8
Stealth        | |  1.2
Evocations     | |  3.2

Action                   |  1- 3 |  4- 6 || total
-------------------------+-------+-------++-------
Melee: Club              |   154 |    13 ||   167
 Abil: Dig               |    10 |     1 ||    11
Evoke: Piece from Xom's  |    16 |     1 ||    17
       Wand              |     9 |     7 ||    16
  Use: Scroll            |     2 |       ||     2
       Potion            |       |     2 ||     2
 Stab: Sleeping          |     2 |       ||     2
       Confused          |     2 |       ||     2
       Petrified         |     8 |       ||     8
       Paralysed         |     3 |     3 ||     6
Armor: Leather armour    |    36 |       ||    36
       Scale mail        |    34 |     6 ||    40
Dodge: Dodged            |    89 |     2 ||    91
